 Dungeon Crawl Stone Soup version 0.29.1-1-gd02db69 (webtiles) character file.

Game seed: 16117670682478212119

97 Kel the Chopper (level 4, 0/28 HPs)
             Began as a Gargoyle Berserker on Mar 26, 2023.
             Was a Believer of Trog.
             Splashed by a jelly's acid (4 damage)
             ... on level 3 of the Dungeon.
             The game lasted 00:07:56 (2413 turns).

Kel the Chopper (Gargoyle Berserker)                Turns: 2413, Time: 00:07:57

Health: 0/28       AC:  7    Str: 29    XL:     4   Next: 68%
Magic:  4/4        EV: 10    Int:  7    God:    Trog [**....]
Gold:   192        SH:  0    Dex:  9    Spells: 3/3 levels left

rFire   x . .      SeeInvis .   a - +0 hand axe
rCold   + + .      Faith    .   (no shield)
rNeg    + . .      Spirit   .   n - +0 ice dragon scales
rPois   ∞          Reflect  .   (no helmet)
rElec   +          Harm     .   (no cloak)
rCorr   .          Rampage  .   (no gloves)
Will    .....                   f - +1 pair of boots
Stlth   ..........              (no amulet)
HPRegen 0.09/turn               k - +6 ring of strength
MPRegen 0.09/turn               b - +4 ring of protection

@: corroded
A: sickness immunity, AC +3, negative energy resistance 1, electricity
resistance, torment resistance 1, petrification resistance
a: Renounce Religion, Berserk, Trog's Hand


You were on level 3 of the Dungeon.
You worshipped Trog.
Trog was pleased with you.
You visited 1 branch of the dungeon, and saw 3 of its levels.

You collected 192 gold pieces.

Inventory:

Hand Weapons
 a - a +0 hand axe (weapon)
Armour
 f - a +1 pair of boots (worn)
 n - +0 ice dragon scales (worn)
Jewellery
 b - a +4 ring of protection (right hand)
 k - a +6 ring of strength (left hand)
Scrolls
 d - 2 scrolls of amnesia {unknown}
 g - 2 scrolls of teleportation {unknown}
 i - a scroll of fog {unknown}
 l - 4 scrolls of identify {unknown}
 m - a scroll of poison {unknown}
 o - a scroll of immolation {unknown}
 p - a scroll of fear {unknown}
Potions
 c - a potion of might {unknown}
 e - a potion of attraction {unknown}
 h - 2 potions of curing {unknown}
 j - a potion of lignification {unknown}


   Skills:
 - Level 3.2 Fighting
 + Level 4.8 Axes
 - Level 2.1 Armour
 - Level 1.5 Dodging


You had 3 spell levels left.
You didn't know any spells.
Your spell library was empty.

Dungeon Overview and Level Annotations

Branches:
Dungeon (3/15)

Altars:


Innate Abilities, Weirdness & Mutations

You are immune to sickness and miasma.
Your stone body is resilient. (AC +3)
You are immune to poison.
You resist negative energy. (rN+)
You are resistant to electric shocks. (rElec)
You are resistant to unholy torment.
You are immune to petrification.


Message History

Things that are here:
a +0 mace; a +0 leather armour; an orc corpse An endoplasm comes into view.
An endoplasm is nearby!
You are too injured to fight recklessly!
You hit the endoplasm.
The endoplasm is moderately wounded.
The endoplasm barely misses you.
The endoplasm hits you but does no damage.
You hit the endoplasm but do no damage.
The endoplasm is moderately wounded.
The endoplasm hits you but does no damage.
You barely miss the endoplasm.
The endoplasm is moderately wounded.
The endoplasm freezes you.
You are frozen.
You resist.
You hit the endoplasm.
The endoplasm is heavily wounded.
The endoplasm barely misses you.
You hit the endoplasm.
You kill the endoplasm!
Trog accepts your kill.
You see here a +0 ring mail.
A jelly comes into view.
The jelly quivers.
A scorpion zombie and an endoplasm come into view.
Found a stone staircase leading up.
The endoplasm quivers.
You slash the jelly!
Your hands burn!
The jelly is heavily wounded.
The jelly barely misses you.
You are too injured to fight recklessly!
You are too injured to fight recklessly!
You are too injured to fight recklessly!
You slash the jelly! The acid corrodes you!
Your hands burn!
The jelly is almost dead.
The jelly hits you. The acid corrodes you!
You are splashed with acid!
* * * LOW HITPOINT WARNING * * *
You hit the jelly but do no damage. The acid corrodes you!
Your hands burn!
You die...

......#.# ########
#####.#.#
##.......
#####.#.###......^
............$.#
#######.###.#.##
#.# #..).### #.#
#....[.# #.#
#....#.# #.#
#.#.##@#
#..........J.....#
#....~..........<#
#..≈~~~....#....#
#...~~~.Z....#..#
## ..~~~~....#..
#. .. .~.~~.#.###
# .### ..~P....#
...


You could see a jelly and a scorpion zombie.

Vanquished Creatures
  4 adders
  2 worms (D:2)
  3 dart slugs
  2 orcs (D:3)
  3 ball pythons
  2 bats
  8 endoplasms
  3 goblins (D:1)
  2 hobgoblins
  3 jackals (D:2)
  5 kobolds
  2 quokkas
  3 frilled lizards
  3 rats
45 creatures vanquished.

Notes
Turn   | Place    | Note
-------+----------+-------------------------------------------
     0 | D:1      | Kel the Gargoyle Berserker began the quest for the Orb.
     0 | D:1      | Reached XP level 1. HP: 14/14 MP: 1/1
   191 | D:1      | Reached skill level 3 in Axes
   376 | D:1      | Reached XP level 2. HP: 8/19 MP: 2/2
   920 | D:1      | Reached XP level 3. HP: 22/23 MP: 3/3
  1043 | D:2      | Found a faded altar of an unknown god.
  1269 | D:2      | Reached skill level 4 in Axes
  1315 | D:2      | Reached ** piety under Trog
  1574 | D:2      | Reached XP level 4. HP: 22/28 MP: 4/4
  2413 | D:3      | Splashed by a jelly's acid

Illustrated notes

Levels and vault maps discovered:
D:1:      dpeg_arrival_rooms_with_view, layout_rooms, minmay_bisected
D:2:      layout_loops_ring, nicolae_ecumenical_oubliette
D:3:      layout_loops_ring, mainiacjoe_overflow_divided_tiny, serial_undead,
          serial_undead_d, serial_undead_b, serial_undead_f, serial_undead_b,
          uniq_terence

Skill      XL: |  1  2  3 |
---------------+----------+-----
Axes           | 3 4 |  4.8
Fighting       | |  3.2
Armour         | |  2.1
Dodging        | |  1.5

Action                   |  1- 3 |  4- 6 || total
-------------------------+-------+-------++-------
Melee: Hand axe          |   115 |    59 ||   174
 Stab: Sleeping          |     1 |       ||     1
Armor: Animal skin       |    58 |     3 ||    61
       Ice dragon scales |       |    19 ||    19
Dodge: Dodged            |    83 |    25 ||   108
